 Dungeon Crawl Stone Soup version 0.27-a0-1597-ge58577e147 (webtiles) character file.

Game seed: 3992368595965435120

2149 Blejac999 the Slasher (level 9, -1/63 HPs)
             Began as a Djinni Gladiator on July 21, 2021.
             Was a Follower of Qazlal.
             Slain by Duvessa (2 damage)
             ... on level 6 of the Dungeon.
             The game lasted 00:15:35 (6637 turns).

Blejac999 the Slasher (Djinni Gladiator)            Turns: 6637, Time: 00:15:36

Health: -1/63      AC:  6    Str: 22    XL:     9   Next: 56%
Gold:   210        EV: 14    Int: 18    God:    Qazlal [*.....] SH:  1 Dex: 15

rFire    + + .     SeeInvis .   a - +1 long sword (flame)
rCold    x . .     Faith    .   (no shield)
rNeg     . . .     Spirit   .   b - +0 leather armour
rPois    ∞         Reflect  .   c - +1 helmet
rElec    .         Harm     .   (no cloak)
rCorr    .         Rampage  .   (no gloves)
Will     .....                  (boots unavailable)
Stlth    +.........             (no amulet)
HPRegen  0.20/turn              j - +6 ring of strength
MPRegen  0.00/turn              m - +6 ring of intelligence

@: silenced, flying, very slightly contaminated, invisible
A: sickness immunity, fire resistance 2, cold vulnerability 1, float, innate
caster, hp casting, extra vitality 1, iridescent scales 1, clever 1, deformed
body, MP-powered wands
a: Renounce Religion


You were on level 6 of the Dungeon.
You worshipped Qazlal.
Qazlal was aware of your devotion.
You visited 1 branch of the dungeon, and saw 6 of its levels.

You collected 210 gold pieces.

Inventory:

Hand Weapons
 a - a +1 long sword of flaming (weapon)
 h - a +4 vorpal flail
Armour
 b - a +0 leather armour (worn)
 c - a +1 helmet (worn)
Jewellery
 j - a +6 ring of strength (left hand)
 m - a +6 ring of intelligence (right hand)
Wands
 f - a wand of flame (12)
 k - a wand of acid (6)
 q - a wand of digging (6)
Scrolls
 g - 5 scrolls of identify
 i - 3 scrolls of enchant armour
 l - a scroll of teleportation
 o - a scroll of brand weapon
Potions
 e - a potion of curing


   Skills:
 + Level 4.4 Fighting
 + Level 7.8 Long Blades
 + Level 1.8 Throwing
 + Level 3.7 Armour
 + Level 5.2 Dodging
 + Level 1.9 Stealth
 * Level 3.7 Spellcasting


You had 6 spell levels left.
You knew the following spells:

 Your Spells              Type           Power      Damage    Failure   Level
a - Corona                Hex            18%        N/A       3%          1
b - Poisonous Vapours     Pois/Air       34%        N/A       5%          2
c - Static Discharge      Conj/Air       17%        N/A       5%          2
d - Passage of Golubria   Tloc           N/A        N/A       36%         4
Your spell library was empty.

Dungeon Overview and Level Annotations

Branches:
Dungeon (6/15)
 Temple: D:4-7

Altars:
Ashenzari
Cheibriados
Hepliaklqana
Kikubaaqudgha
Nemelex Xobeh
Qazlal
Trog
Uskayaw
Xom
Zin

Annotations:
D:6 Dowan, Duvessa


Innate Abilities, Weirdness & Mutations

You are immune to sickness and miasma.
You are immune to poison.
Your flesh is very heat resistant. (rF++)
You are vulnerable to cold. (rC-)
You float through the air rather than walking.
You learn spells naturally, not from books.
Your magical power is your life essence.
You have superior vitality. (+4 HP)
You are partially covered in iridescent scales. (AC +2)
Your mind is acute. (Int +2)
Armour fits poorly on your strangely shaped body.
You expend health (3 HP) to strengthen your wands.


Message History

Unknown command.
Unknown command.
Casting: Poisonous Vapours (safe; 5% risk of failure)
Confirm with . or Enter, or press ? or * to list all spells.
Okay, then.
Unknown command.
As you read the scroll of silence, it crumbles to dust.
A profound silence engulfs you. Duvessa misses you.
You hit Duvessa. You burn Duvessa.
Duvessa is severely wounded.
Duvessa hits you with a +0 short sword. Duvessa closely misses you.
You closely miss Duvessa.
Duvessa is severely wounded.
Duvessa hits you with a +0 short sword!
You feel better. Duvessa hits you with a +0 short sword!
* * * LOW HITPOINT WARNING * * *
Duvessa hits you with a +0 short sword.
* * * LOW HITPOINT WARNING * * *
You fade into invisibility!
Duvessa misses you.
You riposte.
You hit Duvessa but do no damage.
Duvessa is heavily wounded.
You are very lightly contaminated with residual magic.
You hit Duvessa. You burn Duvessa.
Duvessa is severely wounded.
Duvessa barely misses you. Duvessa misses you.
You hit Duvessa but do no damage.
Duvessa is severely wounded.
Duvessa hits you with a +0 short sword.
* * * LOW HITPOINT WARNING * * *
You hit Duvessa. You burn Duvessa.
Duvessa is severely wounded.
Duvessa hits you with a +0 short sword.
* * * LOW HITPOINT WARNING * * *
Duvessa hits you with a +0 short sword.
* * * LOW HITPOINT WARNING * * *
Unknown command.
Dowan gestures at Duvessa while chanting.
The puff of frost hits Duvessa.
Duvessa is no longer berserk.
Duvessa hits you with a +0 short sword.
You die...

.. #.......# #.##....#
#.......# ##.#..#### #
#.......###......... #.
##.<...#...........# .
#.##........##......###
.. ..........###......#<.
##.##.................###
#.............#..........
.......#@..####.........^
#.#.e#### ##.#####.###
##########.# #..# #.#
..§......#e# #.## #.#
..$..e.....# ##.# #..
...........# ##..# ##.
##########.####(.## .#
#.##...## #....###


You could see Duvessa (slow) and Dowan.

Vanquished Creatures
  Prince Ribbit (D:5)
  Sigmund (D:6)
  Eustachio (D:4)
  Edmund (D:6)
  An ogre (D:5)
  A sky beast (D:6)
  A black bear (D:3)
  2 necrophages
  A centaur (D:6)
  3 phantoms (D:6)
  A bullfrog (D:5)
  2 water moccasin zombies
  A howler monkey (D:6)
  2 hounds (D:4)
  3 jellies
  2 bullfrog skeletons
  A gnoll shaman (D:5)
  3 iguanas (D:5)
  A hound skeleton (D:4)
  A howler monkey zombie (D:5)
  7 gnolls
  8 adders
  A white imp (D:6)
  An ufetubus (D:3)
  An adder skeleton (D:4)
  2 worms
  3 dart slugs
  6 orcs
  4 ball pythons
  9 bats
  8 endoplasms
  3 giant cockroaches
  4 goblins
  3 hobgoblins
  2 jackals (D:2)
  6 kobolds
  9 quokkas
  4 frilled lizards
  2 rats (D:1)
113 creatures vanquished.

Notes
Turn   | Place    | Note
-------+----------+-------------------------------------------
     0 | D:1      | Blejac999 the Djinni Gladiator began the quest for the Orb.
     0 | D:1      | Reached XP level 1. HP: 18/18 MP: 0/0
   202 | D:1      | Reached XP level 2. HP: 23/23 MP: 0/0
   213 | D:1      | Reached skill level 3 in Long Blades
   953 | D:2      | Found a faded altar of an unknown god.
   987 | D:2      | Reached XP level 3. HP: 28/28 MP: 0/0
   987 | D:2      | Learned a level 1 spell: Corona
  1336 | D:2      | Reached XP level 4. HP: 33/33 MP: 0/0
  1935 | D:3      | Found a glowing silver altar of Zin.
  1955 | D:3      | Reached skill level 1 in Armour
  1968 | D:3      | Gained mutation: Armour fits poorly on your strangely
                  | shaped body. [potion of mutation]
  1968 | D:3      | Gained mutation: You are partially covered in iridescent
                  | scales. (AC +2) [potion of mutation]
  1968 | D:3      | Gained mutation: You expend health (3 HP) to strengthen
                  | your wands. [potion of mutation]
  1968 | D:3      | Gained mutation: Your mind is acute. (Int +2) [potion of
                  | mutation]
  2183 | D:3      | Found a hide-covered altar of Uskayaw.
  2238 | D:3      | Reached skill level 1 in Spellcasting
  2262 | D:3      | Reached XP level 5. HP: 19/38 MP: 0/0
  2262 | D:3      | Learned a level 2 spell: Poisonous Vapours
  2585 | D:3      | Found a hazy altar of Hepliaklqana.
  2586 | D:3      | Found a shimmering altar of Xom.
  2587 | D:3      | Noticed a spectral ugly thing
  3142 | D:4      | Found a stormy altar of Qazlal.
  3149 | D:4      | Reached skill level 4 in Long Blades
  3159 | D:4      | Reached XP level 6. HP: 21/44 MP: 0/0
  3201 | D:4      | Became a worshipper of Qazlal Stormbringer
  3456 | D:4      | Found a bloodstained altar of Trog.
  3498 | D:4      | Noticed a black bear
  3499 | D:4      | Noticed Eustachio
  3518 | D:3      | Killed a black bear
  3646 | D:4      | Killed Eustachio
  3647 | D:4      | Reached skill level 1 in Stealth
  3647 | D:4      | Reached XP level 7. HP: 49/49 MP: 0/0
  3647 | D:4      | Learned a level 2 spell: Static Discharge
  3728 | D:4      | Found a sparkling altar of Nemelex Xobeh.
  3824 | D:5      | Entered Level 5 of the Dungeon
  3847 | D:5      | Reached skill level 5 in Long Blades
  4071 | D:5      | Reached XP level 8. HP: 26/56 MP: 0/0
  4276 | D:5      | Noticed Prince Ribbit
  4748 | D:5      | Killed Prince Ribbit
  4749 | D:5      | Reached skill level 6 in Long Blades
  4853 | D:5      | You are sucked into a shaft and drop 1 floor!
  4859 | D:6      | Noticed Edmund
  5120 | D:5      | Found a snail-covered altar of Cheibriados.
  5144 | D:5      | Found a broken altar of Ashenzari.
  5148 | D:5      | Reached * piety under Qazlal
  5591 | D:6      | Reached XP level 9. HP: 52/62 MP: 0/0
  5591 | D:6      | Learned a level 4 spell: Passage of Golubria
  5663 | D:6      | Killed Edmund
  5720 | D:6      | Noticed Sigmund
  5731 | D:5      | Reached skill level 5 in Dodging
  6043 | D:6      | Killed Sigmund
  6044 | D:6      | Reached skill level 7 in Long Blades
  6612 | D:6      | Noticed Duvessa
  6614 | D:6      | Noticed Dowan
  6635 | D:6      | HP: 1/63 [Duvessa (6)]
  6637 | D:6      | Slain by Duvessa

Illustrated notes

Levels and vault maps discovered:
D:1:      dpeg_arrival_more_subterranean_lakeside_camping, layout_loops_ring,
          minivault_26
D:2:      layout_basic, ebering_ecumenical_altar_rust, minmay_misc_feat_doors
D:3:      layout_loops_ring, regret_index_temple_of_mockery,
          mainiacjoe_overflow_catwalk, gammafunk_temple_overflow_statue,
          corexii_item_surrounded_by_moat, hangedman_glass_teeth, st_stairs_5,
          minivault_23, minmay_joined_circles
D:4:      layout_gridville, trog_butcher_becter,
          nicolae_qazlal_scattered_showers, nemelex_spade_bored_becter,
          uniq_eustachio
D:5:      layout_rooms, mainiacjoe_overflow_paths, lemuel_crystal_altar,
          hangedman_decor_slide_cut, grunt_ministairs_14, uniq_prince_ribbit1
D:6:      layout_rooms, lemuel_blue_sif_altar,
          minmay_temple_entry_statues_fountains, minmay_crossroads, uniq_edmund,
          uniq_sigmund, uniq_duvessa

Skill      XL: |  1  2  3  4  5  6  7  8  9 |
---------------+----------------------------+-----
Long Blades    | 3 4 5 6 7 |  7.8
Armour         | 1 2 3 |  3.7
Spellcasting   | 1 2 3 |  3.7
Dodging        | 4 5 |  5.2
Stealth        | 1 |  1.9
Fighting       | 3 4 |  4.4
Throwing       | |  1.8

Action                   |  1- 3 |  4- 6 |  7- 9 || total
-------------------------+-------+-------+-------++-------
Melee: Long sword        |    64 |   133 |   165 ||   362
Throw: Throwing net      |       |     2 |     5 ||     7
 Cast: Poisonous Vapours |       |     1 |     7 ||     8
       Corona            |       |     1 |       ||     1
       Static Discharge  |       |       |     3 ||     3
Evoke: Wand              |       |     1 |       ||     1
  Use: Potion            |     8 |     4 |     4 ||    16
       Scroll            |     4 |     5 |     2 ||    11
 Stab: Sleeping          |       |     2 |     1 ||     3
       Held in net/web   |       |     1 |     1 ||     2
Armor: Leather armour    |    26 |    70 |    30 ||   126
Dodge: Dodged            |    50 |   116 |   109 ||   275
Block: Other             |       |       |     5 ||     5
       Rpst.: Long sword |    17 |    37 |    40 ||    94

Table legend: (Time is in decaauts)
 A = Elapsed time spent in this place.
 B = Non-inter-level travel time spent in this place.
 C = Inter-level travel time spent in this place.
 D = Time resting spent in this place.
 E = Time spent auto-exploring this place.
 F = Levels seen in this place.
 G = Mean time per level.
                   A        B        C        D        E       F      G
               +--------+--------+--------+--------+--------+-----+--------+
         Total |   6699 |   6612 |     87 |   2583 |   2801 |   6 | 1116.5 |
       Dungeon |   6699 |   6612 |     87 |   2583 |   2801 |   6 | 1116.5 |
               +--------+--------+--------+--------+--------+-----+--------+

Top non-repeatable levels by time:
     D:5: 1733 daAuts
     D:3: 1291 daAuts
     D:4: 1167 daAuts
     D:1: 908 daAuts
     D:2: 906 daAuts
     D:6: 694 daAuts
